 Dungeon Crawl Stone Soup version 0.26.0-8-g74fc34ddfb (webtiles) character file.

Game seed: 14720262403748647603

1440379 Kejsarherre the Imperceptible (level 27, 153/153 HPs)
             Began as a Spriggan Brigand on Jan 11, 2021.
             Was the Champion of Dithmenos.
             Escaped with the Orb
             ... and 3 runes on Jan 12, 2021!
             The game lasted 12:20:46 (116506 turns).

Kejsarherre the Imperceptible (Spriggan Brigand)  Turns: 116506, Time: 12:20:47

Health: 153/153    AC:  7    Str: 11      XL:     27
Magic:  63/63      EV: 36    Int: 27 (28) God:    Dithmenos [******]
Gold:   3229       SH:  0    Dex: 21      Spells: 23/70 levels left

rFire    + + +     SeeInvis +   b - staff of air
rCold    + . .     Faith    .   (shield currently unavailable)
rNeg     + + .     Spirit   .   A - +2 robe {rN+}
rPois    .         Reflect  .   c - +3 crown of Dyrovepreva {rElec Int+2 SInv}
rElec    +         Harm     .   P - scarf {rC+ rF+}
rCorr    .         Rampage  .   (gloves unavailable)
Will     ++++.                  (boots unavailable)
Stlth    ++++++....             U - amulet "Lanewen" {rN+ Regen+ Str+2 Int+2}
HPRegen  0.75/turn              G - ring of Heoxaepolum {Wiz Int+4}
MPRegen  0.38/turn              V - ring "Datwonug" {Wiz *Contam rF+++ MP+9 SInv}

@: wreathed by umbra, studying 3 skills, very quick
A: very small, unfitting armour, see invisible, speed 3, high mp 1, mutation
resistance 1, electricity resistance, sturdy frame 1
0: Orb of Zot
}: 3/15 runes: decaying, serpentine, silver
a: Renounce Religion, Shadow Step, Shadow Form


You escaped.
You worshipped Dithmenos.
Dithmenos was exalted by your worship.
You visited 12 branches of the dungeon, and saw 54 of its levels.
You visited 2 bazaars.
You visited 1 ziggurat, and saw 13 of its levels.
You also visited: Bailey, Gauntlet and Ice Cave.

You collected 8946 gold pieces.
You spent 5717 gold pieces at shops.

Inventory:

Hand Weapons
 a - the +7 dagger "Qatar" {speed, rC+++ rN+ MP-9 Str+4}
   (You found it on level 2 of the Depths)

   Attacks with this weapon are significantly faster.
   It affects your strength (+4).
   It renders you almost immune to cold.
   It protects you from negative energy.
   It affects your magic capacity (-9).
 x - a +9 rapier of electrocution
 C - the +6 Majin-Bo {vamp, MP+6 Int+6}
   (You found it on level 13 of a ziggurat)

   It inflicts no extra harm, but heals its wielder when it wounds a living foe.
   It affects your intelligence (+6).
   It affects your magic capacity (+6).
Armour
 c - the +3 crown of Dyrovepreva (worn) {rElec Int+2 SInv}
   (You bought it in a shop on level 1 of the Vaults)

   It affects your intelligence (+2).
   It insulates you from electricity.
   It lets you see invisible.
 j - the +1 buckler "Hefefok" {+Blink rN+ Int+3}
   (You acquired it on level 2 of the Depths)

   It affects your intelligence (+3).
   It protects you from negative energy.
   It lets you blink.
 A - a +2 robe of positive energy (worn)
 H - a +2 robe of resistance
 P - a scarf of resistance (worn)
Magical Staves
 b - an uncursed staff of air (weapon)
Jewellery
 e - an uncursed ring of positive energy
 w - the ring of Zyv Neit {rPois Str+6 Dex+4}
   (You acquired it on level 2 of the Depths)

   [ring of strength]

   It affects your strength (+6).
   It affects your dexterity (+4).
   It protects you from poison.
 G - the ring of Heoxaepolum (left hand) {Wiz Int+4}
   (You found it on level 1 of the Depths)

   [ring of wizardry]

   It improves your spell success rate.
   It affects your intelligence (+4).
 U - the amulet "Lanewen" (around neck) {rN+ Regen+ Str+2 Int+2}
   (You found it on level 4 of the Vaults)

   [amulet of regeneration]

   It affects your strength (+2).
   It affects your intelligence (+2).
   It protects you from negative energy.
   It increases your rate of regeneration.
 V - the ring "Datwonug" (right hand) {Wiz *Contam rF+++ MP+9 SInv}
   (You found it on level 3 of a ziggurat)

   [ring of wizardry]

   It improves your spell success rate.
   It renders you almost immune to fire.
   It affects your magic capacity (+9).
   It lets you see invisible.
   It causes magical contamination when unequipped.
Wands
 o - a wand of flame (42)
 z - a wand of disintegration (16)
 J - a wand of iceblast (55)
 L - a wand of acid (26)
 M - a wand of digging (28)
Scrolls
 f - 10 scrolls of magic mapping
 i - 14 scrolls of amnesia
 l - 24 scrolls of identify
 m - 44 scrolls of remove curse
 n - 9 scrolls of fog
 r - 26 scrolls of teleportation
 v - 20 scrolls of enchant weapon
 D - 2 scrolls of blinking
 K - 14 scrolls of fear
 Q - 3 scrolls of holy word
 T - 3 scrolls of summoning
 W - 10 scrolls of enchant armour
 X - 7 scrolls of brand weapon
Potions
 d - 2 potions of cancellation
 g - 3 potions of might
 h - 3 potions of haste
 k - 31 potions of curing
 q - 11 potions of ambrosia
 s - 11 potions of brilliance
 t - 7 potions of mutation
 u - 6 potions of magic
 B - 14 potions of flight
 I - 4 potions of berserk rage
 O - 3 potions of resistance
Books
 E - a manual of Ice Magic
 N - a manual of
Armour
 Z - a manual of Dodging
Miscellaneous
 p - a phantom mirror
 F - a condenser vane
 R - a phial of floods
 Y - a box of beasts


   Skills:
 + Level 18.4 Fighting
 - Level 14.0 Short Blades
 - Level 2.0 Throwing
 - Level 18.8 Dodging
 - Level 22.2 Stealth
 - Level 7.2 Shields
 - Level 22.0 Spellcasting
 - Level 20.2 Hexes
 - Level 12.1 Summonings
 - Level 6.5 Translocations
 - Level 9.0 Ice Magic
 - Level 22.0 Air Magic
 - Level 12.0 Invocations
 - Level 16.3 Evocations


You had 23 spell levels left.
You knew the following spells:

 Your Spells              Type           Power        Failure   Level
a - Swiftness             Air            100%         0%          2
b - Blink                 Tloc           N/A          1%          2
c - Ensorcelled Hibernat  Hex/Ice        100%         0%          2
d - Tukima's Dance        Hex            95%          0%          3
e - Silence               Hex/Air        60%          0%          5
f - Tornado               Air            61%          4%          9
g - Airstrike             Air            61%          0%          4
h - Shadow Creatures      Summ           N/A          1%          6
i - Discord               Hex            47%          1%          8
j - Invisibility          Hex            95%          1%          6

Your spell library contained the following spells:

 Spells                   Type           Power        Failure   Level
 Corona                   Hex            100%         0%          1
 Shock                    Conj/Air       100%         0%          1
 Summon Small Mammal      Summ           100%         0%          1
 Call Imp                 Summ           76%          0%          2
 Corpse Rot               Necr/Air       N/A          0%          2
 Poisonous Vapours        Pois/Air       100%         0%          2
 Slow                     Hex            95%          0%          2
 Confusing Touch          Hex            95%          0%          3
 Portal Projectile        Hex/Tloc       100%         0%          3
 Summon Guardian Golem    Hex/Summ       87%          0%          3
 Cause Fear               Hex            47%          0%          4
 Summon Lightning Spire   Summ/Air       100%         0%          4
 Animate Skeleton         Necr           58%          1%          1
 Apportation              Tloc           100%         1%          1
 Beastly Appendage        Tmut           58%          1%          1
 Foxfire                  Conj/Fire      100%         1%          1
 Freeze                   Ice            100%         1%          1
 Magic Dart               Conj           100%         1%          1
 Pain                     Necr           100%         1%          1
 Sandblast                Erth           58%          1%          1
 Sting                    Tmut/Pois      100%         1%          1
 Passwall                 Tmut/Erth      24%          1%          2
 Searing Ray              Conj           58%          1%          2
 Sublimation of Blood     Necr           14%          1%          2
 Wereblood                Tmut           29%          1%          2
 Call Canine Familiar     Summ           76%          1%          3
 Conjure Flame            Conj/Fire      29%          1%          3
 Dazzling Flash           Conj/Hex       100%         1%          3
 Frozen Ramparts          Ice            100%         1%          3
 Gell's Gravitas          Tloc           29%          1%          3
 Ignite Poison            Fire/Tmut/Pois 29%          1%          3
 Inner Flame              Hex/Fire       71%          1%          3
 Lesser Beckoning         Tloc           29%          1%          3
 Mephitic Cloud           Conj/Pois/Air  81%          1%          3
 Ozocubu's Armour         Ice            68%          1%          3
 Spider Form              Tmut/Pois      14%          1%          3
 Static Discharge         Conj/Air       93%          1%          3
 Stone Arrow              Conj/Erth      58%          1%          3
 Teleport Other           Tloc           59%          1%          3
 Vampiric Draining        Necr           14%          1%          3
 Fulminant Prism          Conj/Hex       35%          1%          4
 Hailstorm                Conj/Ice       52%          1%          4
 Ice Form                 Ice/Tmut       52%          1%          4
 Iskenderun's Mystic Bla  Conj/Tloc      47%          1%          4
 Leda's Liquefaction      Hex/Erth       35%          1%          4
 Passage of Golubria      Tloc           N/A          1%          4
 Summon Ice Beast         Ice/Summ       72%          1%          4
 Lightning Bolt           Conj/Air       46%          1%          5
 Metabolic Englaciation   Hex/Ice        41%          1%          5
 Summon Demon             Summ           38%          1%          5
 Summon Forest            Summ/Tloc      34%          1%          5
 Summon Mana Viper        Hex/Summ       87%          1%          5
 Yara's Violent Unravell  Hex/Tmut       35%          1%          5
 Conjure Ball Lightning   Conj/Air       46%          1%          6
 Freezing Cloud           Conj/Ice/Air   45%          1%          6
 Summon Hydra             Summ           38%          2%          7
 Animate Dead             Necr           14%          3%          4
 Dispel Undead            Necr           29%          3%          4
 Olgreb's Toxic Radiance  Pois           29%          3%          4
 Petrify                  Tmut/Erth      29%          3%          4
 Sticky Flame             Conj/Fire      29%          3%          4
 Dispersal                Tloc           29%          3%          6
 Malign Gateway           Summ/Tloc      34%          7%          7
 Simulacrum               Ice/Necr       26%          9%          6
 Agony                    Necr           29%          10%         5
 Alistair's Intoxication  Tmut/Pois      19%          10%         5
 Blade Hands              Tmut           14%          10%         5
 Bolt of Magma            Conj/Fire/Erth 14%          10%         5
 Borgnjor's Vile Clutch   Necr/Erth      14%          10%         5
 Excruciating Wounds      Necr           14%          10%         5
 Fireball                 Conj/Fire      14%          10%         5
 Irradiate                Conj/Tmut      14%          10%         5
 Iskenderun's Battlesphe  Conj           29%          10%         5
 Lee's Rapid Deconstruct  Erth           14%          10%         5
 Haunt                    Necr/Summ      29%          22%         7
 Spellforged Servitor     Conj/Summ      29%          22%         7
 Death Channel            Necr           14%          41%         6
 Eringya's Noxious Bog    Tmut/Pois      14%          41%         6
 Hydra Form               Tmut           14%          41%         6
 Iron Shot                Conj/Erth      14%          41%         6
 Starburst                Conj/Fire      14%          41%         6
 Statue Form              Tmut/Erth      19%          41%         6
 Disjunction              Tloc           29%          78%         8
 Dragon's Call            Summ           38%          88%         9
 Dragon Form              Tmut           14%          92%         7
 Orb of Destruction       Conj           14%          92%         7
 Borgnjor's Revivificati  Necr           14%          100%        8
 Ignition                 Fire           14%          100%        8
 Infestation              Necr           14%          100%        8
 Necromutation            Tmut/Necr      14%          100%        8
 Death's Door             Necr           14%          100%        9
 Shatter                  Erth           14%          100%        9


Dungeon Overview and Level Annotations

Branches:
Dungeon (15/15)            Temple (1/1) D:4            Lair (6/6) D:10
  Swamp (4/4) Lair:2        Snake (4/4) Lair:2        Slime (1/5) Lair:5
    Orc (2/2) D:10            Elf (3/3) Orc:2        Vaults (5/5) D:14
  Crypt (3/3) Vaults:2       Tomb (0/3) Crypt:3      Depths (5/5) D:15
    Zot (5/5) Depths:5     Bailey (visited)           IceCv (visited)
Gauntlet (visited)

Altars:
Ashenzari
Cheibriados
Dithmenos
Elyvilon
Fedhas
Gozag
Hepliaklqana
Kikubaaqudgha
Makhleb
Nemelex Xobeh
Okawaru
Qazlal
Ru
Sif Muna
Uskayaw
Vehumet
Wu Jian
Xom
Yredelemnul
Zin
The Shining One
Beogh

Shops:
D:5 [!   D:9 (   D:10 *   D:11 :   Orc:1 =   Orc:2 ?[(}   Elf:2 ==}   Snake:3 }
Vaults:1 }=}[:   Vaults:2 [   Depths:3 *

Portals:
Hell: Depths:1 Depths:2 Depths:3 Depths:4* Depths:5
Abyss: Depths:4
Pandemonium: Depths:3

Annotations:
Vaults:2 2 transporters
Depths:5 6 runed translucent doors
Zot:5 exclusion: obsidian statue


Innate Abilities, Weirdness & Mutations

You are very small and have problems with some larger weapons.
You are too small for most types of armour.
You have supernaturally acute eyesight. (SInv)
You cover ground extremely quickly.
You have an increased reservoir of magic. (+10% MP)
You are somewhat resistant to further mutation.
You are resistant to electric shocks. (rElec)
Your movements are slightly less encumbered by armour. (ER -2)


Message History

Please select a direction to dig.
This square is wreathed by an umbra and is covered in magical glow.
You can't see any hostile targets that would be affected.
The rock shatters into small pieces.
A Hell Sentinel comes into view.
The Hell Sentinel gestures at you.
The sphere of damnation explodes!
The damnation engulfs you!!
There is a stone staircase leading up here.
You climb upwards.
There is a stone staircase leading down here.
Your extra speed is starting to run out.
You feel yourself slow down.
You see here a chain mail.
HP restored.
There is a staircase leading out of the dungeon here.
There is a staircase leading out of the dungeon here.
There is a staircase leading out of the dungeon here.
There is a staircase leading out of the dungeon here.
You can't go down here!
You have escaped!

###'##### #8#.#######.#.....
........# #.#............###
........# ###.#########....#
........# ###.....###.....)..#
########## #.........#........###
##8##8##8###.........#####..#....
....................8.# #..#####
.............)........####..#
................@.......8#..#
......................####..#
.........)..........8.#>....####
##8##8##8###.........##.##+#...##
########## #.........##.#....)...
.........#####.....####.#........
.#######.#...###.###...)').......
.#######...#[..#.###....#...(....
.......#######.#8##...######.....


There were no monsters in sight!

Vanquished Creatures
  4 orbs of fire
  Mara (Vaults:2)
  2 juggernauts (Zig:10)
  7 ancient liches
  2 royal mummies (Zig:6)
  Frederick (Vaults:2)
  3 Killer Klowns
  Bai Suzhen (Swamp:4)
  2 curse toes (Zot:5)
  Nikola (Swamp:4)
  8 golden dragons
  2 profane servitors
  A bone dragon (Crypt:3)
  3 electric golems
  17 tentacled monstrosities
  A shard shrike skeleton (Crypt:1)
  2 Ice Fiends
  23 Orb Guardians (Zot:5)
  Rupert (D:13)
  3 titans
  A deep elf blademaster (Elf:3)
  2 deep elf master archers (Elf:3)
  4 liches
  6 quicksilver dragons
  6 death cobs
  3 tentacled starspawn (Zig:12)
  7 sphinxes
  9 ancient champions
  4 revenants
  9 tengu reavers
  Roxanne (Swamp:4)
  An azure jelly (shapeshifter) (Zig:8)
  11 nagarajas
  9 shadow dragons
  13 storm dragons
  9 fire giants
  A draconian scorcher (Zot:5)
  4 draconian knights
  18 vault wardens
  A ghost moth (shapeshifter) (Vaults:2)
  Aizul (Snake:2)
  11 ghouls
  8 deep elf sorcerers
  5 deep elf elementalists (Elf:3)
  6 frost giants
  3 ghost moths
  Louise (Swamp:2)
  4 spriggan defenders
  12 ironheart preservers
  The ghost of Ikheod the Impaler, a journeyman MfGl of Okawaru (Lair:6)
  2 reapers
  3 war gargoyles
  A draconian annihilator (Depths:5)
  23 very ugly things
  17 stone giants
  2 green draconians
  8 vampire knights
  Nessos (D:13)
  8 deep elf demonologists
  4 black draconians
  4 red draconians
  Azrael (D:15)
  5 yellow draconians
  6 spark wasps
  8 deep elf annihilators
  4 purple draconians
  5 white draconians
  3 bunyips
  A minotaur (Gauntlet)
  20 ettins
  2 eleionomae
  9 eidola
  Snorg (D:10)
  The ghost of Xqipyl the Destroyer, a journeyman GrFE of Vehumet (D:12)
  5 deep elf death magi
  A blizzard demon (Zig:12)
  2 mummy priests (Crypt:3)
  5 shambling mangroves
  An eleionoma (shapeshifter) (Zig:8)
  19 jiangshi
  18 yaktaur captains
  5 rakshasas
  Erolcha (Orc:2)
  Fannar (D:10)
  12 great orbs of eyes
  12 ice dragons
  11 naga warriors
  A hell beast (Depths:1)
  43 vault guards
  3 spriggan air magi (Depths:2)
  Harold (D:10)
  6 deep elf high priests
  8 fire dragons
  5 boulder beetles
  31 hydras
  4 catoblepae
  71 two-headed ogres
  10 centaur warriors
  27 dancing weapons
  6 anacondas
  A death knight (Vaults:4)
  26 ogre magi
  13 deep troll earth magi
  10 alligators
  2 titan zombies (Depths:2)
  7 tengu warriors
  8 vampire magi
  14 death yaks
  A queen ant (D:10)
  An orc high priest (Orc:2)
  7 shock serpents
  21 naga sharpshooters
  9 deep troll shamans
  4 soul eaters
  8 spriggans
  A spriggan berserker (Depths:3)
  8 shadow wraiths
  14 deep elf knights
  4 iron trolls
  10 hell knights
  7 wizards
  5 salamander mystics
  4 spriggan druids
  7 goliath frogs
  35 skeletal warriors
  2 storm dragon skeletons
  A spatial maelstrom (Zig:12)
  4 glowing orange brains
  9 bog bodies
  10 deep elf archers
  An entropy weaver zombie (Crypt:2)
  6 unseen horrors
  A ghost moth zombie (Crypt:3)
  18 swamp dragons
  A shadow demon (Depths:3)
  5 naga ritualists
  10 flayed ghosts
  A lindwurm (Lair:6)
  9 phantasmal warriors
  28 deep trolls
  4 necromancers
  13 orc knights
  4 harpies (Vaults:1)
  23 ironbrand convokers
  6 mana vipers
  2 wolf spider zombies
  A golden dragon skeleton (Crypt:3)
  A wolf spider (shapeshifter) (D:15)
  8 wolf spiders
  2 oklob plants
  A stone giant zombie (Crypt:3)
  An orb spider (shapeshifter) (Zig:12)
  9 orc sorcerers
  43 ugly things
  9 cyclopes
  4 will-o-the-wisps
  46 deep elf magi
  17 moths of wrath
  9 salamanders
  A salamander (shapeshifter) (Zig:8)
  An eleionoma zombie (Crypt:3)
  2 fire giant zombies
  3 manticores
  A faun (shapeshifter) (Zig:8)
  A rust devil (Depths:1)
  11 elephants
  8 guardian serpents
  A frost giant skeleton (Vaults:1)
  3 torpor snails (shapeshifter)
  A guardian serpent (shapeshifter) (Depths:3)
  40 naga magi
  19 vault sentinels
  A smoke demon (Zig:12)
  36 black mambas
  2 ice statues (IceCv)
  2 torpor snails
  A black mamba (shapeshifter) (Vaults:4)
  A titan simulacrum (Zig:12)
  23 cane toads
  An eye of devastation (shapeshifter) (Vaults:5)
  A centaur skeleton (D:14)
  A yaktaur zombie (Vaults:1)
  4 minotaur zombies
  5 rime drakes
  8 freezing wraiths
  3 nameless horrors
  12 komodo dragons
  45 yaktaurs
  A tormentor (Zig:4)
  An ancient zyme (Zig:12)
  An anaconda simulacrum (IceCv)
  12 ice devils
  A demonic crawler (Lair:6)
  A hellwing (Depths:3)
  14 guardian mummies
  3 red devils
  4 bloated husks
  2 merfolk (shapeshifter)
  6 trolls
  A troll (shapeshifter) (Depths:4)
  8 tyrant leeches
  A hornet (shapeshifter) (Elf:2)
  2 tengu simulacra
  14 hornets
  13 slime creatures
  A snapping turtle (shapeshifter) (Zig:8)
  2 harpy skeletons (Crypt:2)
  2 raiju
  2 raiju (shapeshifter) (Vaults:2)
  16 blink frogs
  9 dream sheep
  A frost giant simulacrum (Crypt:3)
  An ice dragon zombie (Crypt:3)
  2 stone giant simulacra
  6 flying skulls
  2 shadows
  2 redbacks (Lair:6)
  A ynoxinul (Zig:12)
  A spriggan skeleton (Zig:6)
  5 water elementals
  3 vampires
  5 fire elementals
  A dire elephant simulacrum (IceCv)
  Sigmund (D:6)
  19 wyverns
  A black mamba skeleton (Crypt:2)
  2 basilisks
  8 wraiths
  3 ushabtiu
  A human (shapeshifter) (Elf:1)
  42 yaks
  A wind drake skeleton (Crypt:1)
  6 chaos spawn
  A neqoxec (Zig:12)
  3 vampire mosquitoes (Snake:1)
  A steam dragon (Gauntlet)
  2 human simulacra
  A yaktaur simulacrum (Vaults:2)
  48 nagas
  A harpy simulacrum (IceCv)
  3 large abominations (Zig:12)
  22 soldier ants
  21 swamp worms
  A two-headed ogre zombie (Crypt:1)
  3 wargs
  21 water moccasins
  5 hydra simulacra (IceCv)
  2 acid dragons
  7 hell hounds
  An iron troll simulacrum (IceCv)
  A boulder beetle simulacrum (Vaults:2)
  A water nymph skeleton (Crypt:1)
  4 swamp drakes
  8 human zombies
  2 ice beasts
  An orb spider zombie (Crypt:1)
  A sky beast (D:5)
  6 phantoms
  12 starcursed masses (Zig:12)
  2 ettin simulacra
  4 eyes of draining
  A faun skeleton (Crypt:2)
  A snapping turtle zombie (Crypt:3)
  A black bear (shapeshifter) (Vaults:4)
  2 black bears
  3 necrophages (Crypt:3)
  50 ogres
  47 orc warriors
  16 wolves
  5 boggarts
  A blink frog zombie (Crypt:1)
  14 centaurs
  A blink frog skeleton (Crypt:1)
  An elf zombie (Crypt:3)
  A big kobold (D:10)
  2 elf skeletons
  A palentonga skeleton (Crypt:1)
  2 cyclops zombies (Depths:2)
  2 earth elementals (Elf:1)
  25 bullfrogs
  A yaktaur skeleton (Crypt:2)
  2 draconian skeletons (Crypt:3)
  A water moccasin skeleton (Crypt:3)
  3 wyvern skeletons
  A water moccasin zombie (Crypt:1)
  A scorpion (D:9)
  3 troll zombies
  10 killer bees
  10 wights
  A howler monkey (D:11)
  2 troll skeletons (Crypt:3)
  5 centaur zombies
  6 hounds
  3 quasits
  A wyvern simulacrum (D:14)
  A bullfrog zombie (D:11)
  A jelly (shapeshifter) (Vaults:5)
  4 jellies
  27 orc priests
  41 orc wizards
  5 bullfrog skeletons
  An iguana (D:14)
  4 human skeletons (Crypt:1)
  28 worker ants
  6 ogre zombies (D:10)
  2 sky beast zombies
  An acid dragon skeleton (Crypt:3)
  20 mummies
  A hound skeleton (D:8)
  A worker ant zombie (D:10)
  A scorpion zombie (Crypt:2)
  19 adders
  A swamp drake skeleton (Crypt:2)
  2 shadow imps
  A white imp (D:9)
  4 ufetubi
  2 oozes
  2 adder zombies
  An adder skeleton (D:7)
  2 worms (D:6)
  2 dart slugs (D:2)
  10 leopard geckos
  100 orcs
  A bat skeleton (Crypt:3)
  7 giant cockroaches
  3 goblins
  5 hobgoblins
  10 jackals
  9 kobolds
  3 quokkas
  2 ball pythons
  A ball python skeleton (Crypt:1)
  A ball python zombie (D:5)
  4 bats
  6 frilled lizards
  A goblin skeleton (D:6)
  7 goblin zombies
  2 hobgoblin skeletons
  9 hobgoblin zombies
  A jackal skeleton (D:4)
  4 kobold zombies (D:6)
  4 orc skeletons
  16 orc zombies (D:10)
  2 quokka skeletons
  A quokka zombie (D:6)
  7 rats
  3 crawling corpses (Elf:3)
  5 starspawn tentacles (Zig:12)
2524 creatures vanquished.

Vanquished Creatures (collateral kills)
  An ancient lich (Zot:5)
  A juggernaut (Depths:2)
  Sojobo (Depths:3)
  Margery (Vaults:2)
  2 Killer Klowns (Zot:5)
  3 golden dragons
  Xtahua (Depths:4)
  Jory (Depths:2)
  An electric golem (Zot:5)
  A bone dragon (Depths:5)
  3 tentacled monstrosities
  2 liches
  A quicksilver dragon (Vaults:5)
  2 Orb Guardians (Zot:5)
  A titan (Vaults:5)
  A deep elf blademaster (Elf:2)
  3 ancient champions
  A death cob (Zot:1)
  A storm dragon (Zot:2)
  A shadow dragon (Vaults:5)
  A draconian monk (Zot:5)
  A fire giant (Depths:2)
  6 nagarajas
  2 draconian knights
  An iron dragon (Vaults:4)
  3 frost giants
  An ironheart preserver (Vaults:4)
  2 vault wardens
  5 draconian shifters
  3 draconian scorchers
  An orc warlord (Zig:10)
  2 draconian stormcallers (Zot:2)
  4 draconian annihilators (Zot:2)
  8 very ugly things
  A ghoul (Crypt:2)
  A deep elf elementalist (Vaults:4)
  3 green draconians
  A deep elf demonologist (Depths:2)
  2 black draconians
  2 white draconians
  5 red draconians
  8 yellow draconians
  8 purple draconians
  A merfolk javelineer (Depths:4)
  2 deep elf annihilators
  2 crystal guardians (Vaults:4)
  4 ettins
  A spark wasp (Depths:3)
  A jiangshi (Crypt:1)
  A deep elf death mage (Vaults:3)
  2 yaktaur captains
  6 ogre magi
  A hydra (shapeshifter) (Vaults:2)
  A hydra (Zig:11)
  A vault guard (Vaults:4)
  2 rakshasas
  2 naga warriors
  4 two-headed ogres
  A deep troll earth mage (Depths:2)
  3 orc high priests (Zig:10)
  2 vampire magi (Depths:1)
  2 spriggan berserkers
  2 deep elf knights (Elf:2)
  2 skeletal warriors (Crypt:1)
  A spriggan druid (Swamp:1)
  A bog body (Crypt:1)
  2 wizards (Depths:2)
  2 necromancers (Vaults:2)
  An orc knight (Zig:10)
  3 ugly things (Vaults:1)
  2 mana vipers
  A phantasmal warrior (Crypt:1)
  An orc sorcerer (Zig:10)
  3 moths of wrath (Zot:2)
  2 naga magi
  5 black mambas
  A guardian serpent (Zig:13)
  2 cane toads (Zig:11)
  10 yaktaurs
  A hornet (Depths:4)
  A polar bear (Zig:11)
  2 water moccasins (Zig:11)
  A naga (Zig:7)
  3 orc warriors (Zig:10)
  7 ogres
  A snapping turtle zombie (Crypt:1)
  An orc wizard (Zig:10)
  A gnoll shaman (Zig:10)
  A naga skeleton (Crypt:1)
199 creatures vanquished.

Vanquished Creatures (others)
  A hellephant (Zig:11)
  A death cob (Zot:4)
  A draconian monk (Zot:5)
  2 draconian knights
  A deep elf demonologist (Elf:3)
  A white draconian (Zot:3)
  A hydra (Zig:11)
  A boulder beetle (Vaults:2)
  3 anacondas
  A centaur warrior (Vaults:2)
  An ogre mage (Vaults:2)
  A naga sharpshooter (Zig:13)
  An ironbrand convoker (Vaults:2)
  A deep elf archer (Elf:3)
  An orc knight (Vaults:2)
  A deep elf mage (Elf:3)
  2 black mambas (Zig:7)
  A komodo dragon (Zig:11)
  A dancing weapon (Swamp:3)
  A chaos spawn (Zig:8)
  A naga (Snake:4)
  2 water moccasins (Zig:11)
  A hell hound (D:15)
  2 orc warriors (Zig:10)
  An ogre (Depths:3)
  19 foxfires (Swamp:3)
  63 fungi
  109 plants
  3 starspawn tentacles (Zig:12)
225 creatures vanquished.

Grand Total: 2948 creatures vanquished

Notes
Turn   | Place    | Note
-------+----------+-------------------------------------------
     0 | D:1      | Kejsarherre the Spriggan Brigand began the quest for the
                  | Orb.
     0 | D:1      | Reached XP level 1. HP: 10/10 MP: 2/2
   245 | D:1      | Reached XP level 2. HP: 5/14 MP: 3/3
  1098 | D:2      | Found a glowing silver altar of Zin.
  1098 | D:2      | Found a broken altar of Ashenzari.
  1101 | D:2      | Found a burning altar of Makhleb.
  1101 | D:2      | Found a basalt altar of Yredelemnul.
  1103 | D:2      | Found a radiant altar of Vehumet.
  1103 | D:2      | Found a stormy altar of Qazlal.
  1170 | D:2      | Reached XP level 3. HP: 13/18 MP: 4/4
  2233 | D:2      | Found a shimmering blue altar of Sif Muna.
  2353 | D:3      | Reached XP level 4. HP: 22/22 MP: 5/5
  2822 | D:3      | Found an opulent altar of Gozag.
  3123 | D:3      | Reached XP level 5. HP: 14/25 MP: 6/6
  3420 | D:3      | Found an ornate altar of the Wu Jian Council.
  3974 | D:4      | Found a staircase to the Ecumenical Temple.
  3983 | Temple   | Entered the Ecumenical Temple
  4172 | D:4      | Noticed a phantom
  4173 | D:4      | Found a shadowy altar of Dithmenos.
  4461 | D:4      | Noticed an ogre
  4551 | D:4      | Killed an ogre
  4552 | D:4      | Reached skill level 10 in Stealth
  4552 | D:4      | Reached XP level 6. HP: 30/30 MP: 7/7
  4757 | D:4      | Became a worshipper of Dithmenos the Shadowed
  4885 | D:5      | Entered Level 5 of the Dungeon
  4944 | D:5      | Found Doanume's Distillery.
  4947 | D:5      | Bought a potion of berserk rage for 60 gold pieces
  4947 | D:5      | Bought a potion of might for 48 gold pieces
  5017 | D:5      | Found Liam's Armour Emporium.
  5195 | D:5      | Noticed a sky beast
  5389 | D:5      | Killed a sky beast
  5390 | D:5      | Reached XP level 7. HP: 33/33 MP: 8/8
  5467 | D:5      | Bought a +1 buckler of reflection for 175 gold pieces
  5521 | D:5      | Reached skill level 1 in Shields
  6240 | D:6      | Reached * piety under Dithmenos
  6279 | D:6      | Noticed Sigmund
  6526 | D:6      | Reached XP level 8. HP: 37/37 MP: 9/9
  6862 | D:6      | Reached skill level 1 in Evocations
  6879 | D:6      | Found a glowing golden altar of the Shining One.
  7286 | D:6      | Gained mutation: You possess an exceptional clarity of
                  | mind. [potion of mutation]
  7286 | D:6      | Gained mutation: You have a pair of small horns on your
                  | head. [potion of mutation]
  7286 | D:6      | Gained mutation: You are somewhat resistant to further
                  | mutation. [potion of mutation]
  7462 | D:6      | Killed Sigmund
  7647 | D:6      | Reached skill level 5 in Evocations
  7667 | D:7      | Reached ** piety under Dithmenos
  7762 | D:7      | Reached skill level 5 in Dodging
  8586 | D:8      | Noticed an eight-headed hydra
  8663 | D:8      | Killed an eight-headed hydra
  8664 | D:8      | Reached XP level 9. HP: 41/41 MP: 10/10
  9147 | D:8      | Found a sacrificial altar of Ru.
  9318 | D:9      | Found a blossoming altar of Fedhas.
  9514 | D:9      | Noticed a two-headed ogre
  9517 | D:9      | Killed a two-headed ogre
  9536 | D:9      | Found Runwa's Antique Weapon Boutique.
  9646 | D:9      | Found a white marble altar of Elyvilon.
 10026 | D:9      | Reached XP level 10. HP: 46/46 MP: 11/11
 10267 | D:10     | Entered Level 10 of the Dungeon
 10267 | D:10     | Found Iraun's General Store.
 10288 | D:10     | Noticed Snorg
 10337 | D:10     | Reached *** piety under Dithmenos
 10637 | D:10     | Noticed Fannar
 10675 | D:10     | Killed Fannar
 10746 | D:10     | Noticed Harold
 10805 | D:10     | Found a staircase to the Lair.
 10882 | D:10     | Noticed a queen ant
 11124 | D:10     | Found a staircase to the Orcish Mines.
 11375 | D:10     | Noticed a green ugly thing
 11665 | D:10     | Killed Harold
 11666 | D:10     | Reached skill level 15 in Stealth
 12128 | D:10     | Killed Snorg
 12129 | D:10     | Reached XP level 11. HP: 49/49 MP: 12/12
 12211 | D:10     | Reached **** piety under Dithmenos
 12300 | D:10     | Killed a green ugly thing
 12301 | D:10     | Reached skill level 10 in Short Blades
 13290 | D:10     | Killed a queen ant
 13606 | D:10     | Reached ***** piety under Dithmenos
 13910 | D:11     | Noticed an unseen horror
 14122 | Orc:1    | Entered Level 1 of the Orcish Mines
 14122 | Orc:1    | Found a roughly hewn altar of Beogh.
 14144 | Orc:1    | Found Feklan's Jewellery Boutique.
 14166 | Orc:1    | Reached skill level 1 in Invocations
 14637 | Orc:1    | Found a flagged portal.
 14729 | Bailey   | Entered a bailey
 15264 | Bailey   | Found a roughly hewn altar of Beogh.
 15264 | Bailey   | Noticed an orc knight
 15271 | Bailey   | Killed an orc knight
 15272 | Bailey   | Reached skill level 5 in Shields
 15286 | Bailey   | Identified a scroll of acquirement
 15286 | Bailey   | Acquired the +0 rapier "Embalmer" {freeze, *Drain Str+7}
 15859 | Orc:2    | Entered Level 2 of the Orcish Mines
 15877 | Orc:2    | Noticed an orc sorcerer
 15883 | Orc:2    | Killed an orc sorcerer
 15921 | Orc:1    | Bought the ring of Toyqo {+Inv rElec Dex+6} for 874 gold
                  | pieces
 16015 | Orc:2    | Noticed an orc sorcerer
 16015 | Orc:2    | Noticed an orc sorcerer
 16230 | Orc:2    | Killed an orc sorcerer
 16232 | Orc:2    | Killed an orc sorcerer
 16325 | Orc:2    | Noticed an orc sorcerer
 16333 | Orc:2    | Killed an orc sorcerer
 16545 | Orc:2    | Reached ****** piety under Dithmenos
 16545 | Orc:2    | Noticed an orc sorcerer
 16564 | Orc:2    | Killed an orc sorcerer
 16565 | Orc:2    | Reached XP level 12. HP: 53/53 MP: 15/15
 16568 | Orc:2    | Found Eche's Antique Weapon Shop.
 16568 | Orc:2    | Found Adusab's Magic Scroll Boutique.
 16569 | Orc:2    | Found Fufucsirch's Armour Boutique.
 16572 | Orc:2    | Found Fublaog's Gadget Shop.
 16578 | Orc:2    | Noticed an orc high priest
 16587 | Orc:2    | Killed an orc high priest
 16763 | Orc:2    | Noticed Erolcha
 16795 | Orc:2    | Killed Erolcha
 16796 | Orc:2    | Reached skill level 10 in Evocations
 16891 | Orc:2    | Bought a shimmering dagger for 182 gold pieces
 17277 | Orc:2    | Found a staircase to the Elven Halls.
 17328 | Orc:2    | Noticed a two-headed ogre
 17396 | Orc:2    | Killed a two-headed ogre
 17706 | Lair:1   | Entered Level 1 of the Lair of Beasts
 17778 | Lair:1   | Noticed a seven-headed hydra
 17782 | Lair:1   | Killed a seven-headed hydra
 18223 | Lair:2   | Found a staircase to the Swamp.
 18388 | Lair:2   | Found a staircase to the Snake Pit.
 19651 | Lair:2   | Noticed a five-headed hydra
 19787 | Lair:2   | Reached XP level 13. HP: 53/57 MP: 16/16
 20389 | Lair:2   | Identified the +5 dagger "Nefejas" {venom, rC+} (You bought
                  | it in a shop on level 2 of the Orcish Mines)
 20683 | Lair:3   | You fall into a shaft and drop 2 floors!
 21701 | Lair:4   | Reached skill level 5 in Invocations
 21701 | Lair:4   | Reached XP level 14. HP: 66/66 MP: 16/19
 22718 | Lair:5   | Reached skill level 5 in Fighting
 23007 | Lair:5   | Found a staircase to the Slime Pits.
 23473 | Lair:5   | Learned a level 2 spell: Swiftness
 23474 | Lair:6   | Entered Level 6 of the Lair of Beasts
 23501 | Lair:6   | Learned a level 2 spell: Blink
 23589 | Slime:1  | Entered Level 1 of the Pits of Slime
 23846 | Lair:6   | Reached skill level 1 in Spellcasting
 23869 | Lair:6   | Reached skill level 1 in Air Magic
 24791 | Lair:6   | Reached skill level 1 in Translocations
 25032 | Lair:6   | Reached XP level 15. HP: 70/72 MP: 20/22
 25138 | Lair:6   | Reached skill level 5 in Spellcasting
 25595 | Lair:6   | Found a runed translucent door.
 25596 | Lair:6   | Found a shimmering altar of Xom.
 25596 | Lair:6   | Noticed Ikheod's ghost (journeyman MfGl)
 25723 | Lair:6   | Killed Ikheod's ghost
 25724 | Lair:6   | Reached skill level 5 in Translocations
 27024 | Lair:6   | Reached skill level 10 in Invocations
 27525 | D:11     | Got a heavy robe
 27540 | D:11     | Identified the +1 robe of the Game Afoot {Rampage rPois
                  | Str+4 Int+4} (You found it on level 11 of the Dungeon)
 27653 | D:11     | Found Eqimme's Book Boutique.
 28739 | D:12     | Noticed a ghost moth
 29907 | D:12     | Found a runed translucent gate.
 29907 | D:12     | Found a runed translucent gate.
 29907 | D:12     | Found a runed translucent gate.
 29908 | D:12     | Noticed Xqipyl's ghost (journeyman GrFE)
 29919 | D:12     | Killed Xqipyl's ghost
 30209 | D:13     | Found a gate leading to a gauntlet.
 30229 | Gauntlet | Entered a Gauntlet
 30229 | Gauntlet | Found a transporter.
 30241 | Gauntlet | Found a transporter.
 30242 | Gauntlet | Found a transporter.
 30243 | Gauntlet | Found a transporter.
 30250 | Gauntlet | Found a transporter.
 30253 | Gauntlet | Found a transporter.
 30254 | Gauntlet | Found a transporter.
 30265 | Gauntlet | Found a transporter.
 30266 | Gauntlet | Found a transporter.
 30266 | Gauntlet | Found a transporter.
 30275 | Gauntlet | Found a transporter.
 30277 | Gauntlet | Found a transporter.
 30278 | Gauntlet | Found a transporter.
 30286 | Gauntlet | Found a transporter.
 30324 | Gauntlet | Found a runed translucent door.
 30992 | D:13     | Noticed Nessos
 31001 | D:13     | Killed Nessos
 31118 | D:13     | Reached skill level 15 in Evocations
 31257 | D:13     | Reached XP level 16. HP: 53/73 MP: 24/26
 31291 | D:12     | Gained mutation: You are weak. (Str -2) [mutagenic glow]
 31822 | D:14     | You fall into a shaft and drop 1 floor!
 31822 | D:15     | Entered Level 15 of the Dungeon
 31971 | D:15     | Noticed Azrael
 32475 | D:11     | Bought a book of Dreams for 1275 gold pieces
 32478 | D:11     | Learned a level 2 spell: Ensorcelled Hibernation
 32571 | D:14     | Noticed Rupert
 32618 | D:15     | Reached skill level 1 in Hexes
 32779 | D:15     | Reached skill level 1 in Ice Magic
 33010 | D:15     | Killed Azrael
 33219 | D:15     | Found a shimmering altar of Xom.
 33220 | D:15     | Found the +7 mace of Variability {chain chaos}
 33241 | D:15     | Reached skill level 5 in Hexes
 33434 | D:15     | Found a staircase to the Depths.
 34010 | D:14     | Found a gate to the Vaults.
 34264 | D:13     | Killed Rupert
 35362 | D:14     | Found a blossoming altar of Fedhas.
 35656 | Swamp:1  | Entered Level 1 of the Swamp
 35663 | Swamp:1  | Reached skill level 10 in Hexes
 36771 | Swamp:2  | Learned a level 3 spell: Tukima's Dance
 36852 | Swamp:2  | Noticed a tentacled monstrosity
 36903 | Swamp:2  | Reached XP level 17. HP: 58/80 MP: 22/27
 36954 | Swamp:2  | Noticed Louise
 36970 | Swamp:2  | Killed Louise
 37344 | Swamp:2  | Killed a tentacled monstrosity
 38686 | Swamp:3  | Identified the +7 falchion "Umieh" {vamp, *Slow rElec rC+
                  | Str+4}
 39871 | Swamp:4  | Entered Level 4 of the Swamp
 39887 | Swamp:4  | Reached skill level 5 in Ice Magic
 39902 | Swamp:4  | Noticed Roxanne
 39914 | Swamp:4  | Noticed Nikola
 39966 | Swamp:4  | Killed Nikola
 40150 | Swamp:4  | Noticed Bai Suzhen
 40180 | Swamp:4  | Killed Bai Suzhen
 42346 | Swamp:4  | Killed Roxanne
 42740 | Swamp:4  | Got a decaying rune of Zot
 42913 | Snake:1  | Entered Level 1 of the Snake Pit
 43048 | Snake:1  | Found a frozen archway.
 43215 | IceCv    | Entered an ice cave
 43771 | IceCv    | Reached XP level 18. HP: 77/78 MP: 28/28
 43976 | IceCv    | Noticed an Ice Fiend
 43980 | IceCv    | Killed an Ice Fiend
 44686 | Snake:1  | Got a twisted long sword
 44689 | Snake:1  | Identified the +1 long sword "Touror" {protect, *Corrode
                  | Str+7} (You found it on level 1 of the Snake Pit)
 45756 | Snake:2  | Noticed Aizul
 45762 | Snake:2  | Killed Aizul
 47459 | Snake:3  | Reached skill level 10 in Fighting
 47736 | Snake:3  | Found Puul's Gadget Boutique.
 48107 | Snake:4  | Entered Level 4 of the Snake Pit
 51055 | Snake:4  | Reached skill level 5 in Air Magic
 52635 | Snake:4  | Reached skill level 10 in Spellcasting
 52635 | Snake:4  | Reached XP level 19. HP: 72/98 MP: 32/34
 52775 | Snake:4  | Learned a level 5 spell: Silence
 52785 | Snake:4  | Learned a level 9 spell: Tornado
 52790 | Snake:4  | Learned a level 4 spell: Airstrike
 52871 | Snake:4  | Got a serpentine rune of Zot
 53643 | Vaults:1 | Entered Level 1 of the Vaults
 54080 | Vaults:1 | Found Oleom's Gadget Emporium.
 54087 | Vaults:1 | Bought a condenser vane for 560 gold pieces
 54866 | Vaults:1 | Reached skill level 1 in Summonings
 55215 | Vaults:1 | Found Dademuf's Antique Armour Shoppe.
 55684 | Vaults:1 | Learned a level 6 spell: Shadow Creatures
 55837 | Vaults:1 | Reached skill level 5 in Summonings
 56433 | Vaults:1 | Found Vanniq's Book Shoppe.
 56632 | Vaults:1 | Found Zaxoisch's Jewellery Emporium.
 56657 | Vaults:1 | Found Caapt's Gadget Emporium.
 56733 | Vaults:2 | Noticed Mara
 56741 | Vaults:2 | Killed Mara
 56819 | Vaults:2 | Found a transporter.
 56947 | Vaults:2 | Found a transporter.
 56947 | Vaults:2 | Found a transporter.
 56960 | Vaults:2 | Found a transporter.
 56982 | Vaults:2 | Found a transporter.
 57133 | Vaults:2 | Reached XP level 20. HP: 102/102 MP: 29/37
 57231 | Vaults:2 | Noticed Margery
 57696 | Vaults:2 | Found Enwos's Armour Boutique.
 58972 | Vaults:2 | Reached skill level 10 in Summonings
 59090 | Vaults:2 | Noticed Frederick
 59097 | Vaults:2 | Killed Frederick
 59101 | Vaults:2 | Found an ancient bone altar of Kikubaaqudgha.
 59103 | Vaults:2 | Found a staircase to the Crypt.
 59104 | Vaults:2 | Found a basalt altar of Yredelemnul.
 59291 | Vaults:2 | Killed Margery
 60833 | Vaults:3 | Found a gateway to a bazaar.
 60840 | Bazaar   | Entered a bazaar
 60840 | Bazaar   | Found Ecvusawn's Antique Weapon Shop.
 60840 | Bazaar   | Found Gesori's Antique Armour Shop.
 60843 | Bazaar   | Found Ziefar Pimug's Distillery.
 61495 | Vaults:3 | Reached skill level 10 in Dodging
 62789 | Vaults:3 | Reached XP level 21. HP: 105/107 MP: 3/38
 63515 | Vaults:4 | Found a flickering gateway to a bazaar.
 63521 | Bazaar   | Entered a bazaar
 63521 | Bazaar   | Found Iren's Distillery.
 63521 | Bazaar   | Found Jeptaob's Antique Armour Shoppe.
 63521 | Bazaar   | Found Kukei's Book Shoppe.
 63521 | Bazaar   | Found Keuh's Assorted Antiques.
 63521 | Bazaar   | Found Saarol's Distillery.
 63535 | Bazaar   | Bought a potion of heal wounds for 50 gold pieces
 63535 | Bazaar   | Bought a potion of heal wounds for 50 gold pieces
 63546 | Bazaar   | Bought a potion of heal wounds for 80 gold pieces
 64447 | Vaults:4 | Reached skill level 10 in Air Magic
 64975 | Vaults:4 | Got a crude iron amulet
 64976 | Vaults:4 | Identified the amulet "Lanewen" {rN+ Regen+ Str+2 Int+2}
                  | (You found it on level 4 of the Vaults)
 65767 | Vaults:5 | Entered Level 5 of the Vaults
 66556 | Vaults:5 | Reached skill level 15 in Dodging
 66566 | Vaults:5 | Noticed a golden dragon
 66570 | Vaults:5 | Killed a golden dragon
 66936 | Vaults:5 | Identified the ring "Detenaty" {Will+ MP+9 Dex+4}
 68563 | Vaults:5 | Reached XP level 22. HP: 111/111 MP: 39/39
 69111 | Vaults:5 | Noticed a golden dragon
 69289 | Vaults:5 | Killed a golden dragon
 69531 | Vaults:5 | Noticed a golden dragon
 69546 | Vaults:5 | Killed a golden dragon
 69776 | Vaults:5 | Noticed an ancient lich
 69812 | Vaults:5 | Killed an ancient lich
 70486 | Vaults:5 | Got a silken robe
 70487 | Vaults:5 | Identified the cursed +1 robe "Aryzxeato" {rCorr Int+3}
                  | (You found it on level 5 of the Vaults)
 70504 | Vaults:5 | Identified the +11 fustibalus of the Wraith {freeze, *Slow
                  | rElec Stlth+}
 71539 | Vaults:5 | Identified the Grimoire of Summoning and Translocation
 71758 | Vaults:5 | Got a silver rune of Zot
 72286 | Depths:1 | Entered Level 1 of the Depths
 73461 | Depths:1 | Found a gateway to Hell.
 73908 | Depths:1 | Reached skill level 15 in Spellcasting
 74608 | Depths:1 | Got a scorched tin ring
 74611 | Depths:1 | Identified the ring of Heoxaepolum {Wiz Int+4} (You found
                  | it on level 1 of the Depths)
 74816 | Depths:2 | Reached XP level 23. HP: 115/115 MP: 43/43
 74883 | Depths:2 | Acquired 908 gold pieces
 74884 | Depths:2 | Acquired the +1 buckler "Hefefok" {+Blink rN+ Int+3}
 74885 | Depths:2 | Acquired the ring of Zyv Neit {rPois Str+6 Dex+4}
 75149 | Depths:2 | Found a gateway to a ziggurat.
 75386 | D:11     | Bought a book of Hexes for 850 gold pieces
 75561 | Depths:1 | Learned a level 8 spell: Discord
 75585 | Depths:2 | Noticed an ancient lich
 75869 | Depths:2 | Reached skill level 15 in Hexes
 76093 | Depths:2 | Identified the Volume of Lethal Transformation
 76265 | Depths:1 | Killed an ancient lich
 77002 | Depths:2 | Upgraded the game from 0.26.0-7-g794d0892b4 to
                  | 0.26.0-8-g74fc34ddfb
 77263 | Depths:2 | Noticed a juggernaut
 77284 | Depths:2 | Killed a juggernaut
 77467 | Depths:2 | Identified the +3 bardiche "Tesycros" {flame, rElec}
 77534 | Depths:2 | Got a shimmering dagger
 77535 | Depths:2 | Identified the +7 dagger "Qatar" {speed, rC+++ rN+ MP-9
                  | Str+4} (You found it on level 2 of the Depths)
 78121 | Depths:3 | Found a one-way gate leading to the halls of Pandemonium.
 78365 | Depths:3 | Found Waemoadd's General Store.
 78371 | Depths:3 | Bought a scroll of teleportation for 48 gold pieces
 78371 | Depths:3 | Bought a scroll of teleportation for 48 gold pieces
 78371 | Depths:3 | Bought a potion of curing for 48 gold pieces
 78783 | Depths:3 | Identified the Compendium of Supportive Transformation
 79322 | Depths:3 | Noticed Jory
 79499 | Depths:2 | Killed Jory
 80077 | Depths:4 | Noticed Sojobo
 80093 | Depths:3 | Killed Sojobo
 80094 | Depths:3 | Reached XP level 24. HP: 120/120 MP: 19/43
 80247 | Depths:4 | Noticed Xtahua
 80257 | Depths:4 | Killed Xtahua
 81683 | Depths:4 | Identified the +9 lajatang "Runuonow" {venom, Dex+2 SInv}
 82193 | Depths:4 | Got a smouldering buckler
 82203 | Depths:4 | Identified the +3 buckler of Gehenna {-Cast Dex+3 SInv}
                  | (You found it on level 4 of the Depths)
 82416 | Depths:4 | Got a crude wooden ring
 82417 | Depths:4 | Identified the ring "Riosu" {Int+4 Stlth-} (You found it on
                  | level 4 of the Depths)
 82436 | Depths:4 | Found a one-way gate to the infinite horrors of the Abyss.
 83130 | Depths:5 | Entered Level 5 of the Depths
 83569 | Depths:5 | Got an ichor-stained robe
 83571 | Depths:5 | Identified the cursed +1 robe of the Sparrow {rF- rCorr
                  | Str+7} (You found it on level 5 of the Depths)
 83924 | Depths:5 | Noticed an ancient lich
 83938 | Depths:5 | Killed an ancient lich
 85768 | Vaults:1 | Bought the +3 crown of Dyrovepreva {rElec Int+2 SInv} for
                  | 1159 gold pieces
 85768 | Vaults:1 | Found the +3 crown of Dyrovepreva {rElec Int+2 SInv}
 85768 | Vaults:1 | Bought a runed cloak for 210 gold pieces
 86285 | Depths:5 | Found a runed translucent door.
 86285 | Depths:5 | Found a runed translucent door.
 86314 | Depths:5 | Reached skill level 15 in Air Magic
 86646 | Depths:5 | Found a runed translucent door.
 86659 | Depths:5 | Found a runed translucent door.
 86884 | Depths:5 | Found a runed translucent door.
 87051 | Depths:5 | Found a runed translucent door.
 87377 | Depths:5 | Found a gate to the Realm of Zot.
 87899 | Zot:1    | Entered Level 1 of the Realm of Zot
 88738 | Zot:1    | Noticed an orb of fire
 88756 | Zot:1    | Killed an orb of fire
 88757 | Zot:1    | Reached XP level 25. HP: 123/123 MP: 43/43
 90346 | Vaults:2 | Got a distressingly furry cloak
 90673 | Zot:1    | Identified the +0 cloak "Ryfi" {Str-5 Dex+8} (You found it
                  | on level 2 of the Vaults)
 90684 | Zot:1    | Learned a level 6 spell: Invisibility
 92511 | Zot:3    | You fall into a shaft and drop 1 floor!
 95459 | Elf:1    | Entered Level 1 of the Elven Halls
 96259 | Elf:1    | Acquired the ring "Orogoshre" {rF+ Str+3 Dex+6}
 96730 | Elf:2    | Found Iptes's Jewellery Shoppe.
 96731 | Elf:2    | Found Zolicw's Gadget Shop.
 96734 | Elf:2    | Found Wuhem's Jewellery Shoppe.
 96857 | Elf:2    | Found a runed translucent gate.
 96858 | Elf:2    | Found a runed translucent gate.
 96859 | Elf:2    | Found a runed translucent gate.
 97443 | Elf:2    | Reached XP level 26. HP: 128/128 MP: 31/44
 98581 | Elf:3    | Entered Level 3 of the Elven Halls
 98677 | Elf:3    | Found a shimmering blue altar of Sif Muna.
 99105 | Elf:3    | Identified the ring "Bapuhoal" {*Tele rElec Str+7 Int+2
                  | Slay-2}
 99113 | Elf:3    | Identified the +2 robe of the Goldsmith {Int+2}
100211 | Elf:3    | Identified the +4 halberd of Responsibility {freeze, *Rage
                  | Int+4 Dex+7}
101663 | Crypt:1  | Entered Level 1 of the Crypt
105374 | Crypt:3  | Entered Level 3 of the Crypt
105743 | Crypt:3  | Found a staircase to the Tomb.
106061 | Crypt:3  | Reached XP level 27. HP: 133/133 MP: 47/47
106242 | Crypt:3  | Found an ancient bone altar of Kikubaaqudgha.
108102 | Crypt:3  | Found an ancient bone altar of Kikubaaqudgha.
108104 | Crypt:3  | Found a basalt altar of Yredelemnul.
110275 | Zig:1    | Entered Level 1 of a ziggurat
110298 | Zig:2    | Entered Level 2 of a ziggurat
110417 | Zig:3    | Entered Level 3 of a ziggurat
110449 | Zig:3    | Got a twitching steel ring
110469 | Zig:3    | Identified the ring "Datwonug" {Wiz *Contam rF+++ MP+9
                  | SInv} (You found it on level 3 of a ziggurat)
110504 | Zig:4    | Entered Level 4 of a ziggurat
110643 | Zig:4    | Got a crystal short sword
110645 | Zig:4    | Identified the cursed +1 short sword "Eduk" {freeze, Int+4}
                  | (You found it on level 4 of a ziggurat)
110653 | Zig:5    | Entered Level 5 of a ziggurat
110741 | Zig:6    | Entered Level 6 of a ziggurat
110744 | Zig:6    | Noticed a royal mummy
110745 | Zig:6    | Noticed a royal mummy
110753 | Zig:6    | Killed a royal mummy
110763 | Zig:6    | Killed a royal mummy
110929 | Zig:6    | Identified the Collected Works on Gliding Heat
110956 | Zig:7    | Entered Level 7 of a ziggurat
111092 | Zig:8    | Entered Level 8 of a ziggurat
111154 | Zig:8    | Identified the Handbook of the Flamy Escort
111204 | Zig:9    | Entered Level 9 of a ziggurat
111307 | Zig:10   | Entered Level 10 of a ziggurat
111316 | Zig:10   | Noticed a juggernaut
111318 | Zig:10   | Noticed a juggernaut
111340 | Zig:10   | Killed a juggernaut
111341 | Zig:10   | Killed a juggernaut
111473 | Zig:10   | Acquired a manual of Dodging
111481 | Zig:10   | Acquired a manual of Fighting
111538 | Zig:11   | Entered Level 11 of a ziggurat
111709 | Zig:11   | Identified the Papyrus of Displaced Ice
111725 | Zig:12   | Entered Level 12 of a ziggurat
111751 | Zig:12   | Paralysed by accursed screaming for 1 turns
111771 | Zig:12   | Paralysed by accursed screaming for 1 turns
111784 | Zig:12   | Paralysed by accursed screaming for 1 turns
111978 | Zig:12   | Got a warped whip
111979 | Zig:12   | Identified the +0 whip "Ovvoaxzu" {venom, rElec rPois MP+9}
                  | (You found it on level 12 of a ziggurat)
111991 | Zig:13   | Entered Level 13 of a ziggurat
112009 | Zig:13   | Found the +6 Majin-Bo {vamp, MP+6 Int+6}
112045 | Zig:13   | Got a shimmering golden amulet
112046 | Zig:13   | Identified the amulet of the Falcon {Faith +Fly rElec rPois
                  | Str-5} (You found it on level 13 of a ziggurat)
112263 | Zot:5    | Entered Level 5 of the Realm of Zot
112819 | Zot:5    | Reached skill level 15 in Fighting
113076 | Zot:5    | Noticed an orb of fire
113093 | Zot:5    | Gained mutation: You do not regenerate when monsters are
                  | visible. [an orb of fire]
113096 | Zot:5    | Killed an orb of fire
113388 | Zot:5    | Noticed an ancient lich
113399 | Zot:5    | Killed an ancient lich
113553 | Zot:5    | Noticed an ancient lich
113554 | Zot:5    | Noticed an orb of fire
113871 | Zot:5    | Killed an ancient lich
114241 | Zot:5    | Killed an orb of fire
114425 | Zot:5    | Noticed an orb of fire
114546 | Zot:5    | Killed an orb of fire
114627 | Zot:4    | Lost mutation: You possess an exceptional clarity of mind.
                  | [potion of mutation]
114627 | Zot:4    | Lost mutation: You have a pair of small horns on your head.
                  | [potion of mutation]
114627 | Zot:4    | Gained mutation: Your magical capacity is low. (-10% MP)
                  | [potion of mutation]
114628 | Zot:4    | Lost mutation: You are weak. (Str -2) [potion of mutation]
114628 | Zot:4    | Lost mutation: Your magical capacity is low. (-10% MP)
                  | [potion of mutation]
114628 | Zot:4    | Lost mutation: You do not regenerate when monsters are
                  | visible. [potion of mutation]
114628 | Zot:4    | Gained mutation: Your movements are slightly less
                  | encumbered by armour. (ER -2) [potion of mutation]
114628 | Zot:4    | Gained mutation: You are resistant to electric shocks.
                  | (rElec) [potion of mutation]
114628 | Zot:4    | Gained mutation: You have an increased reservoir of magic.
                  | (+10% MP) [potion of mutation]
114654 | Zot:5    | Noticed an ancient lich
114676 | Zot:5    | Killed an ancient lich
115378 | Zot:5    | Noticed an ancient lich
115454 | Zot:5    | Killed an ancient lich
115677 | Zot:5    | Noticed an ancient lich
115693 | Zot:5    | Killed an ancient lich
115881 | Zot:5    | Got the Orb of Zot
116029 | Depths:5 | Noticed Piop the pandemonium lord
116506 | D:$      | Escaped with the Orb!

Illustrated notes

Levels and vault maps discovered:
D:1:      psy_arrival_heroes, layout_basic, minmay_misc_feat_doors,
          minmay_misc_feat_hallway, minmay_heptomino_w4
D:2:      layout_basic, lemuel_blue_sif_altar, grunt_temple_overflow_open
D:3:      layout_loops_corners, nicolae_gozag_seed_capital,
          pdpol_wu_jian_five_deadly_venoms
D:4:      layout_basic, nicolae_dithmenos_shadow_blocks, bloody_trog,
          minmay_temple_entry_mist, guppyfry_early_lair_pool
D:5:      layout_basic, serial_shops, shop_coins, nicolae_shop_behind_doors
D:6:      layout_cave_pools, nicolae_tso_besieged_by_evil,
          gup_sewer_entry_bubbles, tgw_xom, uniq_sigmund
D:7:      layout_loops_ring
D:8:      layout_cave_pools, nicolae_two_hexagons, nicolae_ru_path_of_blood
D:9:      layout_basic, overflow_temple_1_default, basic_altar, serial_shops,
          shop
D:10:     nicolae_whirlpool, layout_rooms, lair_entry_dummy, zombieorc2_lemuel,
          serial_shops, shop, minivault_29, uniq_fannar, uniq_harold, uniq_snorg
D:11:     layout_irregular_city, serial_shops, kennysheep_little_box,
          hangedman_pestilent_swarm
D:12:     layout_cave_pools, ebering_ghost_rock_garden,
          minmay_guarded_unrand_curses
D:13:     layout_irregular_city, gauntlet_entry_generic, minmay_fountain_box,
          uniq_nessos
D:14:     nzn_winding_woodlands_medium [nzn_winding_woodlands_5x5_open_star,
          nzn_winding_woodlands_5x15_parted, nzn_winding_woodlands_5x5_three,
          nzn_winding_woodlands_hourglass,
          nzn_winding_woodlands_center_diamonds,
          nzn_winding_woodlands_5x5_checkerboard,
          nzn_winding_woodlands_5x5_perimeter,
          nzn_winding_woodlands_5x15_river_crossing,
          nzn_winding_woodlands_5x5_closed_star], layout_irregular_city,
          erik_vaults_2, fedhas_altar_4, uniq_rupert
D:15:     hangedman_depths_entry_try_elsewhere_first, layout_basic,
          minmay_misc_feat_ornament, grunt_ministairs_9,
          minmay_guarded_unrand_variability, uniq_azrael
Temple:   nicolae_temple_figure_zero
Lair:1:   layout_hall_layers
Lair:2:   layout_loops_ring, swamp_mist, minmay_snake_entry_six_corridors,
          minmay_lair_oklob_items, beast_lair_carwin_7
Lair:3:   layout_misc_corridors, nicolae_quartered_pool_little
Lair:4:   layout_loops_ring, chequers_serial_rivers_large_b, serial_bayou_pond_b
Lair:5:   layout_cave_pods, minmay_slime_entry_oklob_open,
          infiniplex_staircase_pool_2, serial_bayou_shore_a
Lair:6:   hangedman_lair_tendril_chambers, layout_concentric_octagons,
          hangedman_lair_in_review, ebering_ghost_xom, minivault_26,
          chequers_serial_rivers_small_3, chequers_serial_rivers_micro_b,
          worms_lemuel
Swamp:1:  layout_basic_swamp, nicolae_swamp_fairy_circle, swamp_pool2,
          roderic_carrion_pond, infiniplex_staircase_pool
Swamp:2:  cheibrodos_swamp_monstrosity, layout_basic_swamp,
          nicolae_swamp_very_dense_foliage, uniq_louise
Swamp:3:  layout_basic_swamp, hangedman_swamp_blocks, swamp_pool1, st_swamp_mini
Swamp:4:  swamp_basic_johnstein, layout_basic_swamp, swamp_pool5, uniq_nikola,
          uniq_bai_suzhen, uniq_roxanne
Snake:1:  onia_ninara_swampy_vault, layout_chambers,
          portal_ice_cave_entry_dragon
Snake:2:  layout_honeycomb, uniq_aizul
Snake:3:  layout_honeycomb, serial_shops, shop
Snake:4:  snake_pit, layout_chambers
Slime:1:  layout_caves
Orc:1:    layout_caves, basic_altar, enter_bailey_2, serial_shops, shop,
          minmay_orc_keep
Orc:2:    st_orc_mages, layout_diamond_mine, uniq_erolcha
Elf:1:    elf_arrival_001, layout_loops_cross
Elf:2:    layout_loops_corners, library_closet, minmay_shop_grove
Elf:3:    minmay_elf_hall_curves, layout_loops_ring, basic_altar
Vaults:1: nicolae_vaults_ninety_degrees, nicolae_vaults_diagonal_hallway_6,
          hangedman_vaults_nails, nicolae_vaults_disjoint_gnomons,
          hangedman_vaults_stitches, grunt_vaults_twisty,
          nicolae_vaults_border_crossing, st_spiral_rooms,
          ontoclasm_vaults_claustrophobia, nicolae_vaults_little_squares_1,
          nicolae_vaults_rhombus_6, layout_vaults_omnibox, serial_shops, shop,
          shop, shop, nicolae_shop_behind_doors, shop
Vaults:2: ontoclasm_vaults_ring_square, vaults_room_pools, gammafunk_the_bubble
          [the_bubble_gammafunk_roulette], vaults_room_ringed_pool,
          minmay_crypt_entry_necro_gods, ontoclasm_vaults_decontamination,
          ontoclasm_vaults_gateway, nicolae_vaults_rhombus_5,
          hangedman_vaults_trim, vaults_dpeg_diagonal,
          layout_vaults_chaotic_city, serial_shops, nicolae_shop_stone,
          uniq_mara, uniq_frederick, uniq_margery
Vaults:3: v_misc_2, st_lines, v_misc_30, hangedman_vaults_nodes,
          nicolae_vaults_puzzle_piece, hangedman_vaults_locks, v_alt_pattern_5,
          v_misc_25, ontoclasm_vaults_loading_screen,
          nicolae_vaults_little_squares_6, vaults_room_stairs_pillars,
          layout_vaults_ring, serial_shops, bzr_entry_road
Vaults:4: ontoclasm_vaults_shuriken, nicolae_vaults_little_squares_3, v_misc_14,
          vaults_room_pool, ontoclasm_vaults_chip, v_pattern_2, v_misc_9,
          nicolae_vaults_little_squares_6, vaults_room_semicircle,
          layout_vaults_quadrants, serial_shops, bzr_entry_safe
Vaults:5: serial_shops
Crypt:1:  layout_basic, grunt_crypt_arrival_guarded_gate
Crypt:2:  layout_catacombs, roderic_lattice_octagonal_star
Crypt:3:  lightli_unholy_cathedral, layout_chaotic_city,
          nicolae_tomb_entry_grand_gallery, grunt_ministairs_9, st_stairs_13,
          serial_sigils_hangedman_shear, lemuel_mausoleum_altar_kikubaaqudgha
Depths:1: layout_basic, grunt_mini_vestibule, chequers_serial_rivers_micro_c,
          grunt_decor_fettered, minmay_statues_item, grunt_decor_resistance,
          kennysheep_just_a_vault, grunt_megastairs_2, serial_bayou_shore_b
Depths:2: giant_chief_lemuel, layout_twisted_cross, enter_ziggurat_e,
          special_room [special_room_magic_class], hell_entry,
          grunt_ministairs_3, kennysheep_generic_room_12
Depths:3: kennysheep_bubble_arena, layout_gridlike, hellmouth_1,
          kennysheep_big_empty_room, rand_demon_pan_entry_3, serial_shops, shop,
          kilobyte_mutagenic_chamber, firewood_loft, uniq_jory
Depths:4: minmay_the_grid_octo_2x2 [minmay_the_grid_octo_clover_2,
          minmay_the_grid_octo_empty, minmay_the_grid_octo_chip,
          minmay_the_grid_octo_prize_ultimate_mussel_roller], layout_cave_pools,
          serial_column_ruins, column_ruins_portal_astroid,
          column_ruins_open_tiny, column_ruins_grid_1, column_ruins_open_small,
          column_ruins_corridor_dead_end, nrook_pool_corridor,
          hangedman_tar_grid_catacomb, hangedman_abyss_entry_splay,
          infiniplex_staircase_trident, uniq_xtahua, uniq_sojobo
Depths:5: evilmike_zot_entry_castle, layout_basic,
          hangedman_abyss_or_decor_clamps, hell_entry, minmay_librarian
Zot:1:    kennysheep_blocky_room, layout_gridlike
Zot:2:    layout_concentric_octagons
Zot:3:    layout_misc_corridors
Zot:4:    layout_basic, grunt_megastairs_4
Zot:5:    layout_gridville

Skill      XL: |  1  2  3  4  5  6  7  8  9 10 11 12 13 14 15 16 17 18 19 20 21 22 23 24 25 26 27 |
---------------+----------------------------------------------------------------------------------+-----
Stealth        | 6 7 8 9 10 12 16 17 18 22 | 22.2
Dodging        | 2 3 4 7 8 11 16 17 18 | 18.8
Shields        | 3 4 6 7 |  7.2
Evocations     | 7 8 9 14 15 16 | 16.3
Short Blades   | 6 8 9 10 11 13 14 | 14.0
Invocations    | 3 5 7 12 | 12.0
Fighting       | 4 5 6 10 18 | 18.4
Spellcasting   | 4 6 10 12 15 16 19 22 | 22.0
Air Magic      | 2 6 8 9 12 14 16 19 21 22 | 22.0
Translocations | 3 6 |  6.5
Hexes          | 12 14 18 20 | 20.2
Ice Magic      | 3 9 |  9.0
Summonings     | 7 12 | 12.1
Throwing       | |  2.0

Action                   |  1- 3 |  4- 6 |  7- 9 | 10-12 | 13-15 | 16-18 | 19-21 | 22-24 | 25-27 || total
-------------------------+-------+-------+-------+-------+-------+-------+-------+-------+-------++-------
Melee: Dagger            |    86 |   101 |   209 |       |       |       |       |   491 |   955 ||  1842
       Short sword       |       |       |   144 |   761 |       |       |       |       |       ||   905
       Headbutt          |       |       |    34 |   268 |   424 |   235 |   260 |   397 |   487 ||  2105
       Rapier            |       |       |       |   474 |  1356 |  1105 |  1122 |   836 |   646 ||  5539
Throw: Dart              |    40 |    96 |    41 |   225 |    37 |    13 |       |       |       ||   452
       Throwing net      |       |       |       |     4 |       |       |       |       |       ||     4
 Cast: Ensorcelled Hiber |       |       |       |       |       |   346 |   326 |   263 |    34 ||   969
       Blink             |       |       |       |       |       |     6 |     7 |     9 |    22 ||    44
       Tukima's Dance    |       |       |       |       |       |     3 |     3 |       |       ||     6
       Airstrike         |       |       |       |       |       |       |   103 |   253 |   538 ||   894
       Shadow Creatures  |       |       |       |       |       |       |    40 |   153 |   101 ||   294
       Discord           |       |       |       |       |       |       |       |       |    28 ||    28
       Tornado           |       |       |       |       |       |       |       |       |    32 ||    32
Invok: Shadow Form       |       |       |       |       |       |       |     1 |       |       ||     1
 Abil: Evoke Invisibilit |       |       |       |       |    15 |    16 |     1 |       |       ||    32
Evoke: Wand              |       |       |    25 |    28 |    16 |    80 |     5 |     2 |    22 ||   178
       Lightning rod     |       |       |       |     2 |       |       |       |       |       ||     2
       Box of beasts     |       |       |       |       |       |     3 |     2 |     1 |     2 ||     8
       Condenser vane    |       |       |       |       |       |       |     2 |     3 |     1 ||     6
       Tin of tremorston |       |       |       |       |       |       |     1 |       |       ||     1
  Use: Scroll            |       |     5 |    12 |     4 |    10 |    14 |    12 |    13 |    23 ||    93
       Potion            |       |       |     2 |     9 |     2 |    12 |     6 |     3 |    17 ||    51
 Stab: Sleeping          |    12 |    11 |    33 |    53 |    51 |   258 |   226 |   192 |   176 ||  1012
       Distracted        |       |     1 |     3 |    21 |    24 |    11 |    26 |    38 |    39 ||   163
       Paralysed         |       |       |     4 |       |       |     1 |       |     1 |       ||     6
       Held in net/web   |       |       |       |     7 |       |       |       |       |       ||     7
       Invisible         |       |       |       |       |    74 |    39 |     3 |       |       ||   116
Armor: Robe              |    16 |     7 |    22 |    11 |     9 |    32 |    15 |    20 |    53 ||   185
Dodge: Dodged            |    57 |    56 |   230 |   643 |   406 |   416 |   396 |   633 |   754 ||  3591
Block: Buckler           |       |       |    50 |   392 |   530 |   460 |   373 |   376 |   310 ||  2491
       Reflection        |       |       |     1 |    38 |    16 |    44 |    50 |    18 |       ||   167
